Map: Prion Terraces

Players

Azumo

  • Race: Zerg Zerg
  • League: Gold

LilDicky - Winner!

  • Race: Terran Terran
  • League: Diamond

VOD

http://www.twitch.tv/tumescentpie

Description

Time

  • Played on: Dec. 3, 2015, 11:14 a.m.
  • Length: 12:23
Show
View Real Time Build Order
Export as new Build Order

Azumo Zerg 

Build Orders: Hatch First 

Get SALT Encoding   

  12  0:01  Drone  
  13  0:12  Overlord  
  13  0:17  Drone  
  14  0:30  Drone  
  14  0:31  Drone  
  14  0:35  Drone  
  17  0:53  Hatchery  
  16  0:57  Drone  
  16  1:03  Drone, Extractor  
  17  1:17  Spawning Pool  
  16  1:20  Drone  
  16  1:24  Drone  
  18  1:28  Drone  
  19  1:38  Overlord  
  19  2:05  Zergling x4  
  19  2:06  Queen  
  19  2:07  Queen  
  25  2:09  Zergling x2  
  25  2:12  Metabolic Boost  
  26  2:17  Zergling x2  
  26  2:20  Drone  
  28  2:36  Drone x3  
  31  2:41  Drone  
  32  2:50  Queen  
  34  2:52  Queen  
  36  3:02  Overlord  
  36  3:14  Baneling Nest, Drone  
  36  3:26  Drone  
  36  3:27  Drone x4  
  38  3:28  Overlord  
  38  3:31  Drone x2  
  38  3:33  Drone  
  44  3:57  Lair  
  44  4:01  Drone  
  45  4:02  Roach Warren  
  45  4:03  Drone  
  45  4:04  Hatchery, Drone  
  45  4:17  Drone x2, Overlord  
  45  4:18  Drone x3  
  49  4:32  Drone x2  
  49  4:35  Overlord  
  51  4:42  Extractor  
  50  4:46  Extractor x2  
  50  4:48  Overlord  
  50  4:49  Roach x4  
  50  4:50  Drone x3  
  50  4:51  Overlord  
  59  4:54  Glial Reconstitution  
  59  4:59  Drone  
  61  5:00  Drone  
  61  5:22  Drone  
  61  5:23  Drone x3, Roach x2  
  61  5:24  Roach x5  
  79  5:34  Drone x3  
  82  5:39  Drone  
  83  5:48  Drone x3  
  83  5:49  Drone, Roach  
  89  5:51  Overlord x3  
  89  5:52  Overlord  
  89  6:02  Spire  
  89  6:03  Drone  
  89  6:08  Evolution Chamber, Overlord x3  
  88  6:12  Spore Crawler  
  88  6:15  Spore Crawler  
  88  6:17  Spore Crawler  
  85  6:20  Ravager  
  85  6:21  Ravager x2  
  85  6:22  Overlord x2  
  85  6:23  Drone x3  
  91  6:33  Overseer  
  91  6:40  Drone  
  91  6:41  Drone, Roach x3  
  91  6:42  Roach x3  
  105  6:51  Zerg Missile Weapons Level 1  
  105  6:56  Evolution Chamber  
  105  6:59  Hydralisk Den  
  105  7:00  Extractor x2  
  101  7:03  Drone x2  
  101  7:04  Drone x3  
  101  7:07  Overlord x2  
  106  7:24  Hatchery  
  106  7:26  Drone x3  
  106  7:27  Drone  
  106  7:28  Drone x5  
  118  7:30  Roach x3  
  117  8:01  Overlord x4  
  117  8:02  Roach x3  
  117  8:03  Roach x3, Muscular Augments  
  117  8:04  Zerg Ground Armor Level 1  
  129  8:06  Extractor x2  
  129  8:08  Infestation Pit  
  126  8:19  Zergling x12  
  132  8:20  Hydralisk, Roach x3  
  140  8:31  Drone x3  
  143  8:38  Drone x2  
  145  8:52  Zerg Melee Weapons Level 1  
  145  8:54  Hive  
  145  8:55  Pathogen Glands, Hydralisk x2  
  145  8:56  Hydralisk x7  
  145  9:01  Overlord x2  
  145  9:02  Swarm Host  
  163  9:03  Zergling x2  
  167  9:16  Hydralisk x4, Roach x3  
  181  9:31  Spine Crawler  
  180  9:38  Drone x3  
  183  9:39  Roach x6  
  183  9:40  Roach x2  
  199  10:11  Lurker Den  
  199  10:15  Greater Spire  
  199  10:20  Centrifical Hooks, Ultralisk Cavern  
  198  10:30  Roach Warren  
  190  11:08  Ultralisk  
  190  11:09  Ultralisk  
  176  11:23  Hatchery  
  146  11:29  Ultralisk x4  
  146  11:32  Zergling x26  
  170  11:33  Hatchery, Zergling x28  
  123  12:00  Spore Crawler  
  123  12:01  Drone x6  
  124  12:02  Drone x2  
Show
View Real Time Build Order
Export as new Build Order

LilDicky Terran - Winner!

Build Orders:  

Get SALT Encoding   

  12  0:03  SCV  
  13  0:15  SCV  
  13  0:18  Supply Depot  
  14  0:27  SCV  
  15  0:40  SCV, Refinery  
  16  0:45  Barracks  
  16  0:52  SCV  
  18  1:04  SCV  
  18  1:16  SCV  
  19  1:31  Reaper  
  21  1:34  Supply Depot  
  21  1:36  Orbital Command  
  20  2:01  Bunker  
  20  2:05  SCV  
  20  2:06  Marine  
  22  2:09  Command Center  
  22  2:17  SCV  
  23  2:25  Marine  
  23  2:29  SCV  
  25  2:30  Factory  
  24  2:41  SCV, Refinery  
  24  2:43  Marine  
  25  2:53  SCV  
  26  3:01  Marine  
  26  3:05  SCV  
  28  3:11  Supply Depot  
  28  3:13  Factory Tech Lab  
  28  3:17  SCV  
  29  3:22  Orbital Command  
  29  3:24  Marine  
  30  3:34  Siege Tank  
  33  3:44  Command Center  
  33  3:56  SCV  
  33  4:00  SCV  
  35  4:04  Barracks Reactor  
  35  4:06  Siege Tank  
  35  4:07  Starport  
  35  4:08  SCV  
  39  4:12  SCV  
  40  4:19  Orbital Command  
  40  4:35  Liberator  
  40  4:38  Siege Tank  
  43  4:46  SCV  
  47  4:58  SCV x2  
  49  5:07  Orbital Command  
  49  5:10  SCV  
  49  5:11  SCV  
  51  5:14  Refinery  
  51  5:16  Siege Tank  
  54  5:22  SCV  
  54  5:23  SCV  
  56  5:28  Barracks Reactor  
  56  5:29  Barracks  
  56  5:32  Barracks x2  
  56  5:35  SCV x2  
  58  5:36  SCV  
  59  5:47  SCV x2  
  59  5:48  Siege Tank  
  64  5:58  SCV  
  64  5:59  SCV  
  66  6:04  Refinery  
  66  6:07  Liberator  
  66  6:09  Supply Depot  
  66  6:10  SCV  
  66  6:11  SCV x2  
  69  6:24  SCV  
  73  6:27  Liberator  
  73  6:29  Supply Depot  
  73  6:31  Supply Depot x3, SCV x2  
  75  6:34  Refinery  
  75  6:36  SCV, Refinery  
  76  6:43  SCV x2  
  76  6:45  Marine  
  76  6:46  Barracks Tech Lab x2  
  82  6:47  Barracks Reactor  
  82  6:48  SCV  
  82  6:52  Engineering Bay  
  83  6:55  Engineering Bay  
  83  6:59  SCV x2, Barracks  
  83  7:00  Barracks x2, Liberator  
  85  7:01  Barracks  
  85  7:06  Supply Depot  
  85  7:08  Supply Depot  
  85  7:10  Liberator  
  85  7:11  SCV x2  
  85  7:14  Supply Depot, SCV  
  85  7:15  Siege Tank  
  94  7:23  SCV  
  98  7:31  Combat Shields  
  98  7:32  Stimpack  
  98  7:36  Terran Infantry Weapons Level 1, Marine  
  98  7:37  Marine x4  
  99  7:40  SCV  
  104  7:46  Marine x2  
  104  7:47  Marine x3  
  104  7:49  Terran Infantry Armor Level 1  
  106  7:54  SCV x2, Marine x2  
  106  7:55  SCV, Marine  
  106  7:57  Siege Tank  
  115  8:05  Marine  
  115  8:06  Marine  
  115  8:07  Command Center, Marine, Marauder  
  121  8:12  SCV  
  121  8:13  SCV x2  
  121  8:17  Missile Turret  
  123  8:20  Supply Depot  
  123  8:21  Marine x2  
  123  8:22  Marine  
  123  8:23  Supply Depot  
  123  8:24  Barracks Reactor  
  123  8:25  SCV, Barracks Tech Lab  
  127  8:29  Armory  
  127  8:36  SCV  
  127  8:37  SCV  
  127  8:38  SCV  
  135  8:43  Supply Depot, Marine  
  135  8:45  Supply Depot  
  135  8:48  Command Center  
  131  8:49  SCV  
  131  8:50  Marine x2  
  131  8:51  Marine, Marauder x3  
  131  8:55  Medivac  
  144  8:56  Medivac  
  144  8:59  Concussive Shells  
  144  9:00  Marine x2  
  150  9:02  Siege Tank  
  150  9:03  Barracks Reactor  
  150  9:07  Marine  
  150  9:08  Marine  
  152  9:10  Barracks Reactor, Starport  
  152  9:12  Marauder x2  
  156  9:20  Liberator x2  
  156  9:30  Missile Turret  
  156  9:32  Missile Turret x2  
  156  9:33  Marine x2  
  156  9:34  Marauder x2  
  168  9:39  Marine x2  
  168  9:40  Marauder  
  172  9:49  Missile Turret  
  172  9:50  Starport Reactor  
  172  9:53  Missile Turret  
  172  9:54  Siege Tank  
  172  9:59  Factory  
  175  10:00  Planetary Fortress  
  175  10:04  Missile Turret  
  175  10:05  Missile Turret  
  175  10:06  Missile Turret  
  175  10:09  Missile Turret, Marine  
  175  10:10  Marauder, Marine x4  
  182  10:16  Planetary Fortress  
  182  10:20  Medivac x2  
  182  10:21  Missile Turret, Marine  
  187  10:30  Supply Depot  
  184  10:38  Marine  
  184  10:39  Marauder, Marine x6  
  184  10:40  Marauder  
  184  10:42  Marine  
  196  10:51  Marauder, Marine x2  
  200  10:57  Refinery  
  200  10:58  Refinery  
  200  11:06  Factory Tech Lab  
  151  11:45  Marine  
  151  11:46  Marine x5  
  151  11:47  Marauder x3  
  148  11:57  Marine x2  
Tags
 
Add a new tag
Caveats
  • Supply blocks, unpowered buildings, or Contaminate may cause inaccurate times.
  • Supply counts are checked every 10 seconds.